 Seeded DCSS version 0.27-a0-1154-gfdeffcb720 (webtiles) character file.

Game seed: 6919691055512990457 (custom seed)

64 donath the Insei (level 4, -1/29 HPs)
             Began as an Octopode Transmuter on May 14, 2021.
             Slain by an orc
             ... wielding a +0 trident
              (8 damage)
             ... on level 2 of the Dungeon.
             The game lasted 00:04:42 (1392 turns).

donath the Insei (Octopode Transmuter)              Turns: 1392, Time: 00:04:43

Health: -1/29      AC:  1    Str:  9    XL:     4   Next: 12%
Magic:  7/7        EV: 13    Int: 16    God:
Gold:   74         SH:  0    Dex: 12    Spells: 2/8 levels left

rFire    . . .     SeeInvis .     - Unarmed
rCold    . . .     Faith    .   (no shield)
rNeg     . . .     Spirit   .   (helmet restricted)
rPois    .         Reflect  .   (no amulet)
rElec    .         Harm     .   (no ring)
rCorr    .         Rampage  .   (no ring)
Will     .....                  (no ring)
Stlth    ++........             (no ring)
HPRegen  0.09/turn              (no ring)
MPRegen  0.10/turn              (no ring)
                                (no ring)
                                (no ring)

@: no status effects
A: almost no armour, amphibious, 8 rings, camouflage 1, gelatinous body 1,
(nimble swimmer 1), tentacles
a: no special abilities


You were on level 2 of the Dungeon.
You visited 1 branch of the dungeon, and saw 2 of its levels.

You collected 74 gold pieces.

Inventory:

Missiles
 a - 50 stones
 b - 23 arrows
Armour
 i - a +0 tower shield
Magical Staves
 k - a staff of cold
Jewellery
 c - a ring of fire
Scrolls
 g - a scroll of enchant weapon {unknown}
 h - a scroll of identify {unknown}
 j - 4 scrolls of acquirement {unknown}
 l - a scroll of fog {unknown}
Potions
 d - a potion of might {unknown}
 e - a potion of berserk rage {unknown}
 f - a potion of magic {unknown}


   Skills:
 * Level 1.9 Fighting
 - Level 2.2 Dodging
 - Level 4.0 Unarmed Combat
 - Level 2.5 Spellcasting
 - Level 2.1 Transmutations


You had 2 spell levels left.
You knew the following spells:

 Your Spells              Type           Power      Damage    Failure   Level
a - Beastly Appendage     Tmut           16%        N/A       9%          1
b - Wereblood             Tmut           8%         N/A       13%         2
c - Spider Form           Tmut/Pois      2%         N/A       36%         3

Your spell library contained the following spells:

 Spells                   Type           Power      Damage    Failure   Level
 Ice Form                 Ice/Tmut       5%         N/A       77%         4
 Hydra Form               Tmut           4%         N/A       93%         5


Dungeon Overview and Level Annotations

Branches:
Dungeon (2/15)

Altars:


Innate Abilities, Weirdness & Mutations

You cannot wear most types of armour.
You are amphibious.
You can wear up to eight rings at the same time.
Your skin changes colour to match your surroundings (Stealth+).
Your rubbery body absorbs attacks. (AC +1, EV +1)
((You are camouflaged near water. (Stealth+)))
You have tentacles for arms and can constrict up to eight enemies at once.


Message History

You howl as the wereblood boils in your veins!
You hear a shout!
The hobgoblin hits you.
You tentacle-slap the hobgoblin. You grab the hobgoblin.
The hobgoblin is severely wounded.
You constrict the hobgoblin. The hobgoblin hits you.
You tentacle-slap the hobgoblin.
You kill the hobgoblin!
You tentacle-slap the orc. You grab the orc. Your squeeze misses the orc.
The orc is lightly wounded.
You constrict the orc. The orc closely misses you.
You completely miss the orc. You tentacle-slap the orc.
You kill the orc!
Your primal bloodlust is almost over.
You see here a +0 hand axe.
Casting: Wereblood (safe; 13% risk of failure)
Confirm with . or Enter, or press ? or * to list all spells.
One of your tentacles grows a vicious spike.
The orc hits you from afar with a +0 trident!
* * * LOW HITPOINT WARNING * * *
Your primal bloodlust has ended.
The orc barely misses you.
The orc drinks a potion.
The orc seems to speed up.
The orc hits you from afar with a +0 trident.
* * * LOW HITPOINT WARNING * * *
Your transformation is almost over.
The orc closely misses you. The orc closely misses you. The orc misses you.
The orc hits you from afar with a +0 trident.
* * * LOW HITPOINT WARNING * * *
Your tentacle spike disappears.
The orc closely misses you. The orc misses you. The orc closely misses you.
The orc barely misses you. The orc completely misses you.
The orc closely misses you.
The orc hits you from afar with a +0 trident!
You die...

#..# ######.#####
#......... #..###
#.# #.#######.
#....# #.# #.# #.
#....# #.# #.# ##
####.# #.# #.#
#.# #.# #.# #.#
#.# #.# #.#
#.############.#
#.#
#.....@.o......#
#.#
#...############
#.# #....)...#
#.######...####.#
## #.........##
#.# #.
#.#########
#.#############.
#.#
#.##.......)....
#..
#.##.###########
### #.##.#


You could see an orc (fast).

Vanquished Creatures
  An adder (D:2)
  2 dart slugs (D:1)
  2 orcs (D:2)
  3 ball pythons
  2 bats (D:1)
  3 endoplasms
  2 giant cockroaches
  8 goblins
  7 hobgoblins
  5 quokkas
  4 frilled lizards
  2 kobolds (D:1)
  4 rats
45 creatures vanquished.

Notes
Turn   | Place    | Note
-------+----------+-------------------------------------------
     0 | D:1      | donath the Octopode Transmuter began the quest for the Orb.
     0 | D:1      | Reached XP level 1. HP: 13/13 MP: 3/3
   106 | D:1      | Reached XP level 2. HP: 18/18 MP: 3/5
   109 | D:1      | Learned a level 2 spell: Wereblood
   336 | D:1      | Reached XP level 3. HP: 23/23 MP: 4/6
   395 | D:1      | Learned a level 3 spell: Spider Form
  1203 | D:2      | Reached skill level 4 in Unarmed Combat
  1203 | D:2      | Reached XP level 4. HP: 28/28 MP: 5/7
  1392 | D:2      | Slain by an orc

Illustrated notes

Levels and vault maps discovered:
D:1:      dpeg_arrival_arbitrary_a, layout_basic
D:2:      layout_loops_ring, shapermc_ecumenical_altar_mp_highgroup

Skill      XL: |  1  2  3 |
---------------+----------+-----
Unarmed Combat | 4 |  4.0
Fighting       | |  1.9
Dodging        | |  2.2
Spellcasting   | |  2.5
Transmutations | |  2.1

Action                   |  1- 3 |  4- 6 || total
-------------------------+-------+-------++-------
Melee: Unarmed           |    74 |     9 ||    83
       Constrict         |    20 |     4 ||    24
       Kick              |    18 |       ||    18
       Tentacles         |     9 |     1 ||    10
       Punch             |     1 |     1 ||     2
 Cast: Beastly Appendage |    20 |     2 ||    22
       Wereblood         |     5 |     1 ||     6
 Stab: Sleeping          |     8 |       ||     8
       Distracted        |       |     1 ||     1
Armor: Skin              |     5 |       ||     5
Dodge: Dodged            |    44 |    11 ||    55

Table legend: (Time is in decaauts)
 A = Elapsed time spent in this place.
 B = Non-inter-level travel time spent in this place.
 C = Inter-level travel time spent in this place.
 D = Time resting spent in this place.
 E = Time spent auto-exploring this place.
 F = Levels seen in this place.
 G = Mean time per level.
                   A        B        C        D        E       F      G
               +--------+--------+--------+--------+--------+-----+--------+
         Total |   1386 |   1358 |     28 |     11 |    889 |   2 |  693.0 |
       Dungeon |   1386 |   1358 |     28 |     11 |    889 |   2 |  693.0 |
               +--------+--------+--------+--------+--------+-----+--------+

Top non-repeatable levels by time:
     D:1: 898 daAuts
     D:2: 487 daAuts
